 Dungeon Crawl Stone Soup version 0.31-a0-590-g8a5a4361df (webtiles) character file.

Game seed: 14767358742258010929

2074 Rohain the Trooper (level 9, 0/69 HPs)
             Began as a Demonspawn Gladiator on Aug 19, 2023.
             Was a Priest of Okawaru.
             Slain by a small abomination (3 damage)
             ... on level 2 of the Abyss.
             The game lasted 00:12:20 (6555 turns).

Rohain the Trooper (Demonspawn Gladiator)           Turns: 6555, Time: 00:12:21

Health: 0/69       AC:  5    Str: 20    XL:     9   Next: 6%
Magic:  9/9        EV: 15    Int:  9    God:    Okawaru [***...]
Gold:   420        SH:  9    Dex: 22    Spells: 8/8 levels left

rFire   . . .        h - +2 short sword (drain)
rCold   . . .        (no shield)
rNeg    . . .        b - +0 leather armour
rPois   .            c - +0 helmet
rElec   .            (no cloak)
rCorr   .            A - +0 pair of gloves
SInv    .            (no boots)
Will    .....        n - amulet of reflection
Stlth   ++++         j - +6 ring of dexterity
HPRegen 0.31/turn    (no ring)
MPRegen 0.11/turn

%: reflection
@: no status effects
A: thin skeletal structure 1, condensation shield, demonic touch 1
a: Renounce Religion, Heroism


You were on level 2 of the Abyss.
You worshipped Okawaru.
Okawaru was most pleased with you.
You visited 2 branches of the dungeon, and saw 8 of its levels.
You visited the Abyss 1 time.

You collected 420 gold pieces.

Inventory:

Hand Weapons
 a - a +0 long sword
 h - a +2 short sword of draining (weapon)
 B - a +4 war axe
Missiles
 d - a throwing net (quivered)
 e - a javelin
 v - 2 atropa-tipped darts
Armour
 b - a +0 leather armour (worn)
 c - a +0 helmet (worn)
 i - +0 pearl dragon scales
 A - a +0 pair of gloves (worn)
Jewellery
 j - a +6 ring of dexterity (left hand)
 n - an amulet of reflection (around neck)
 q - a ring of magical power
Wands
 r - a wand of flame (2)
 F - a wand of digging (3)
Scrolls
 m - a scroll of amnesia
 w - a scroll of vulnerability
 y - a scroll of immolation
 z - a scroll of butterflies {unknown}
 H - a scroll of revelation
 J - a scroll of identify
 K - a scroll of poison {unknown}
Potions
 f - 2 potions of curing
 g - 3 potions of heal wounds
 k - 2 potions of degeneration
 l - a potion of invisibility {unknown}
 o - a potion of brilliance {unknown}
 p - 2 potions of attraction {unknown}
 s - 2 potions of cancellation {unknown}
 t - a potion of lignification {unknown}
 u - a potion of haste {unknown}
 x - a potion of berserk rage {unknown}
 C - a potion of enlightenment {unknown}
 E - 2 potions of might
 G - a potion of mutation {unknown}
 I - a potion of resistance {unknown}


   Skills:
 + Level 5.7 Fighting
 + Level 5.5 Long Blades
 + Level 5.1 Throwing
 + Level 5.5 Dodging
 + Level 5.0 Stealth


You had 8 spell levels left.
You didn't know any spells.
Your spell library contained the following spells:

 Spells                   Type           Power      Damage    Failure   Level
 Blink                    Tloc           0%         N/A       58%         2
 Lesser Beckoning         Tloc           0%         N/A       58%         2
 Momentum Strike          Conj/Tloc      0%         3d8       58%         2
 Anguish                  Hex/Necr       0%         N/A       99%         4
 Cause Fear               Hex            0%         N/A       99%         4
 Enfeeble                 Hex            0%         N/A       100%        7


Dungeon Overview and Level Annotations

Branches:
Dungeon (7/15)             Temple (1/1) D:7

Altars:
Ashenzari
Dithmenos
Fedhas
Gozag
Hepliaklqana
Kikubaaqudgha
Makhleb
Nemelex Xobeh
Okawaru
Qazlal
Ru
Sif Muna
Trog
Vehumet
Wu Jian
Xom

Annotations:
D:3 1 runed translucent door, Crazy Yiuf


Innate Abilities, Weirdness & Mutations

You have a somewhat thin skeletal structure. (Dex +2, Stealth+)
A meltable shield of frost defends you. (SH +4)
Your touch may inflict minor irresistible damage on your foes.


Message History

A toenail golem comes into view.
An ancient zyme comes into view.
You feel ill. The toenail golem hits you.
The toenail golem attacks as you move away!
You block the toenail golem's attack.
The toenail golem attacks as you move away!
You block the toenail golem's attack.
The toenail golem attacks as you move away!
The toenail golem barely misses you.
The toenail golem attacks as you move away!
The toenail golem hits you!
The toenail golem attacks as you move away!
The toenail golem hits you.
The toenail golem attacks as you move away!
The toenail golem hits you!
* * * LOW HITPOINT WARNING * * *
A blizzard demon comes into view.
A wretched star comes into view.
A rakshasa comes into view. It is wielding a +0 trident.
The rakshasa blinks!
A neqoxec comes into view.
You feel your health improve.
You feel yourself growing ill in the presence of the ancient zyme.
You feel yourself growing ill in the presence of the ancient zyme.
A sky beast comes into view.
A raiju comes into view.
The small abomination attacks as you move away!
You block the small abomination's attack.
The small abomination hits you!
* * * LOW HITPOINT WARNING * * *
The raiju barks!
You hit the small abomination.
You touch the small abomination!
The small abomination is moderately damaged.
The small abomination hits you!
* * * LOW HITPOINT WARNING * * *
You hit the small abomination but do no damage.
The small abomination is moderately damaged.
The small abomination hits you.
You die...

#.##.....#.... . .
#......#.### .. #.
....#.#.#..###.....
. .#.........# ##.
. . #.#........# #.
# #. ###......# ##
# # ###.##...#.#
#.#.. #####x#.
#.### # .# #
.#@#..#### # #
####..# #### .


You could see a small abomination.

Vanquished Creatures
  A gargoyle (D:7)
  A steam dragon (D:7)
  An acid dragon (D:7)
  An ice beast (D:6)
  3 orc warriors
  A centaur (D:7)
  2 phantoms (D:5)
  A kobold brigand (D:6)
  2 bullfrogs (D:7)
  A scorpion (D:5)
  A howler monkey (D:7)
  2 jellies (D:6)
  2 hounds (D:5)
  A sleepcap (D:6)
  3 iguanas
  Natasha (twice) (D:2)
  Terence (D:2)
  4 orc wizards
  Robin (D:2)
  6 adders
  A white imp (D:7)
  An ufetubus (D:5)
  5 worms
  2 dart slugs (D:2)
  14 orcs
  6 ball pythons
  4 endoplasms
  2 giant cockroaches
  13 goblins
  6 hobgoblins
  14 jackals
  9 quokkas
  4 bats
  A frilled lizard (D:1)
  15 kobolds
  2 rats (D:2)
136 creatures vanquished.

Vanquished Creatures (others)
  A human (D:6)
1 creature vanquished.

Grand Total: 137 creatures vanquished

Notes
Turn   | Place    | Note
-------+----------+-------------------------------------------
     0 | D:1      | Rohain the Demonspawn Gladiator began the quest for the
                  | Orb.
     0 | D:1      | Reached XP level 1. HP: 16/16 MP: 1/1
   203 | D:1      | Gained mutation: You have a somewhat thin skeletal
                  | structure. (Dex +2, Stealth+) [demonic ancestry]
   203 | D:1      | Reached XP level 2. HP: 21/22 MP: 2/2
   481 | D:1      | Gained mutation: Your touch may inflict minor irresistible
                  | damage on your foes. [demonic ancestry]
   481 | D:1      | Reached XP level 3. HP: 27/28 MP: 3/3
   656 | D:2      | Found an iron altar of Okawaru.
   776 | D:2      | Noticed Robin
   798 | D:2      | Killed Robin
   799 | D:2      | Reached skill level 1 in Stealth
   814 | D:2      | Gained mutation: A meltable shield of frost defends you.
                  | (SH +4) [demonic ancestry]
   814 | D:2      | Reached XP level 4. HP: 28/34 MP: 4/4
   878 | D:2      | Noticed Terence
   892 | D:2      | Killed Terence
  1286 | D:2      | Noticed Natasha
  1290 | D:2      | Killed Natasha
  1291 | D:2      | Reached XP level 5. HP: 36/41 MP: 5/5
  1321 | D:2      | Noticed Natasha
  1330 | D:2      | Killed Natasha
  1417 | D:2      | Became a worshipper of Warmaster Okawaru
  2174 | D:3      | Found a blossoming altar of Fedhas.
  2284 | D:3      | Found a runed translucent door.
  2285 | D:3      | Noticed Crazy Yiuf
  2582 | D:4      | Found a bloodstained altar of Trog.
  2586 | D:4      | Found an ornate altar of the Wu Jian Council.
  2586 | D:4      | Found a sparkling altar of Nemelex Xobeh.
  2590 | D:4      | Found a burning altar of Makhleb.
  2591 | D:4      | Found an opulent altar of Gozag.
  2810 | D:4      | Found a hazy altar of Hepliaklqana.
  3576 | D:5      | Entered Level 5 of the Dungeon
  3629 | D:5      | Noticed an orc warrior
  3651 | D:4      | Killed an orc warrior
  3652 | D:4      | Reached XP level 6. HP: 38/47 MP: 6/6
  3804 | D:5      | Reached * piety under Okawaru
  3954 | D:5      | Found a shimmering altar of Xom.
  3961 | D:5      | Reached XP level 7. HP: 51/54 MP: 7/7
  4439 | D:6      | Found a shimmering blue altar of Sif Muna.
  4533 | D:6      | Reached ** piety under Okawaru
  4551 | D:6      | Reached XP level 8. HP: 48/61 MP: 8/8
  4569 | D:6      | Identified the +0 robe of the Zebra {*Slow rPois rF++
                  | rCorr}
  4867 | D:6      | Found an ancient bone altar of Kikubaaqudgha.
  4951 | D:7      | Found a staircase to the Ecumenical Temple.
  5055 | D:7      | Noticed a wizard
  5057 | D:7      | Noticed a gargoyle
  5097 | Temple   | Entered the Ecumenical Temple
  5600 | D:7      | Reached skill level 5 in Fighting
  5600 | D:7      | Reached skill level 5 in Long Blades
  5600 | D:7      | Reached skill level 5 in Dodging
  5661 | D:7      | Killed a gargoyle
  5661 | D:7      | Reached *** piety under Okawaru
  5976 | D:7      | Reached skill level 5 in Throwing
  6101 | D:7      | Reached skill level 5 in Stealth
  6101 | D:7      | Reached XP level 9. HP: 38/69 MP: 9/9
  6102 | Abyss:2  | Cast into level 2 of the Abyss (a wizard)
  6106 | Abyss:2  | Found a corrupted altar of Lugonu.
  6145 | Abyss:2  | Noticed an orange demon
  6171 | Abyss:2  | Found a corrupted altar of Lugonu.
  6217 | Abyss:2  | Noticed a worldbinder
  6217 | Abyss:2  | Noticed a large abomination
  6217 | Abyss:2  | Noticed an ancient zyme
  6218 | Abyss:2  | Noticed a hellwing
  6321 | Abyss:2  | Noticed an ancient zyme
  6322 | Abyss:2  | Noticed a worldbinder
  6322 | Abyss:2  | Noticed a smoke demon
  6336 | Abyss:2  | Noticed a smoke demon
  6415 | Abyss:2  | Noticed an ancient zyme
  6437 | Abyss:2  | Noticed a large abomination
  6444 | Abyss:2  | Noticed a toenail golem
  6453 | Abyss:2  | Noticed an ancient zyme
  6472 | Abyss:2  | Noticed a blizzard demon
  6479 | Abyss:2  | Noticed a wretched star
  6484 | Abyss:2  | Noticed a rakshasa
  6498 | Abyss:2  | Noticed an ancient zyme
  6554 | Abyss:2  | HP: 3/69 [small abomination (14)]
  6555 | Abyss:2  | Slain by a small abomination

Illustrated notes

Levels and vault maps discovered:
D:1:      shiori_arrival_elements, layout_rooms, minivault_11, minmay_tromino_i2
D:2:      wad_woods_stonehenge, layout_loops_cross, basic_altar, dk_vineyard_3,
          uniq_natasha, uniq_robin, uniq_terence
D:3:      layout_basic, nicolae_overflow_crystal_walls,
          chequers_serial_rivers_micro_d, kennysheep_path_1,
          uniq_crazy_yiuf_cottage
D:4:      layout_basic, mainiacjoe_overflow_24_doors, minitemple, serial_curves,
          eino_curves_04, eino_curves_02
D:5:      layout_cave_pools, amcnicky_altar_gilded
D:6:      layout_basic, tgw_kikubaaqudgha, mainiacjoe_overflow_tiny_flanked
D:7:      nzn_winding_woodlands_three_and_one
          [nzn_winding_woodlands_5x15_jagged, nzn_winding_woodlands_5x15_garden,
          nzn_winding_woodlands_5x15_default,
          nzn_winding_woodlands_center_triple_pond], layout_rooms,
          minmay_temple_entry_junction, nicolae_figureground_pulse
Temple:   grunt_temple_mini_profane
Abyss:2:  base: D:5, base: Temple, hangedman_abyss_or_decor_jellyfish_corner,
          lemuel_flamethrower_3, bh_abyss_xom_lugonu_altar,
          evilmike_abyss_exit_vortex, lemuel_flamethrower_3

Skill      XL: |  1  2  3  4  5  6  7  8 |
---------------+-------------------------+-----
Throwing       | 2 3 4 5 |  5.1
Long Blades    | 3 4 5 |  5.5
Dodging        | 3 4 5 |  5.5
Stealth        | 1 2 3 5 |  5.0
Fighting       | 3 4 5 |  5.7

Action                     |  1- 3 |  4- 6 |  7- 9 || total
---------------------------+-------+-------+-------++-------
  Melee: Short sword       |    96 |   118 |   127 ||   341
         Long sword        |     5 |       |       ||     5
         Touch             |     9 |    28 |    34 ||    71
         Punch             |     1 |       |     1 ||     2
  Throw: Throwing net      |       |     3 |     3 ||     6
         Javelin           |       |       |     2 ||     2
 Invoke: Heroism           |       |       |     1 ||     1
    Use: Scroll            |       |     6 |     8 ||    14
         Potion            |       |       |     1 ||     1
   Stab: Distracted        |     1 |       |     1 ||     2
         Sleeping          |       |    11 |     5 ||    16
         Held in net/web   |       |     3 |       ||     3
 Armour: Leather armour    |    27 |    16 |    10 ||    53
  Dodge: Dodged            |    80 |    52 |    65 ||   197
  Block: Other             |     1 |    49 |    44 ||    94
         Reflection        |       |     1 |     2 ||     3

Table legend: (Time is in decaauts)
 A = Elapsed time spent in this place.
 B = Non-inter-level travel time spent in this place.
 C = Inter-level travel time spent in this place.
 D = Time resting spent in this place.
 E = Time spent auto-exploring this place.
 F = Levels seen in this place.
 G = Mean time per level.
                   A        B        C        D        E       F      G
               +--------+--------+--------+--------+--------+-----+--------+
         Total |   6522 |   6312 |    210 |   1073 |   3606 |   9 |  724.7 |
       Dungeon |   5921 |   5711 |    210 |    927 |   3606 |   7 |  845.9 |
        Temple |    146 |    146 |      0 |    145 |      0 |   1 |  146.0 |
         Abyss |    453 |    453 |      0 |      0 |      0 |   1 |  453.0 |
               +--------+--------+--------+--------+--------+-----+--------+

Top non-repeatable levels by time:
     D:4: 1120 daAuts
     D:6: 947 daAuts
     D:2: 939 daAuts
     D:3: 895 daAuts
     D:5: 706 daAuts
     D:7: 662 daAuts
     D:1: 648 daAuts
 Abyss:2: 453 daAuts
  Temple: 146 daAuts
